 Dungeon Crawl Stone Soup version 0.27-a0-951-gae3e1deef5 (webtiles) character file.

Game seed: 14361263626325432515

408 polve the Cutter (level 6, -11/47 HPs)
             Began as a Demonspawn Abyssal Knight on Apr 11, 2021.
             Was a Follower of Lugonu.
             Mangled by an orc warrior
             ... wielding a +0 short sword
              (14 damage)
             ... on level 4 of the Dungeon.
             The game lasted 00:05:52 (5149 turns).

polve the Cutter (Demonspawn Abyssal Knight)        Turns: 5149, Time: 00:05:53

Health: -11/47     AC:  5    Str: 14    XL:     6   Next: 57%
Magic:  7/7        EV: 10    Int: 13    God:    Lugonu [*.....]
Gold:   189        SH:  0    Dex: 13    Spells: 5/5 levels left

rFire    . . .     SeeInvis .   a - +2 dagger (venom)
rCold    . . .     Faith    .   (no shield)
rNeg     . . .     Spirit   .   d - +0 ring mail
rPois    .         Reflect  .   (no helmet)
rElec    .         Harm     .   (no cloak)
rCorr    .         Rampage  .   (no gloves)
Will     .....                  (no boots)
Stlth    +.........             (no amulet)
HPRegen  0.15/turn              (no ring)
MPRegen  0.10/turn              (no ring)

@: no status effects
A: claws 2, ignite blood 2
a: Renounce Religion, Depart the Abyss


You were on level 4 of the Dungeon.
You worshipped Lugonu.
Lugonu was aware of your devotion.
You visited 1 branch of the dungeon, and saw 4 of its levels.
You visited the Abyss 1 time.

You collected 189 gold pieces.

Inventory:

Hand Weapons
 a - a +2 dagger of venom (weapon)
Armour
 d - a +0 ring mail (worn)
 m - a +0 hat
Wands
 j - a wand of flame (21)
Scrolls
 c - 5 scrolls of identify {unknown}
 f - a scroll of holy word {unknown}
 h - a scroll of silence {unknown}
 i - a scroll of teleportation {unknown}
Potions
 b - a potion of attraction {unknown}
 g - a potion of lignification {unknown}
 k - a potion of curing
 l - a potion of flight {unknown}


   Skills:
 - Level 3.0 Fighting
 + Level 6.5 Short Blades
 - Level 1.7 Armour
 - Level 0.8 Dodging
 - Level 2.4 Invocations


You had 5 spell levels left.
You didn't know any spells.
Your spell library was empty.

Dungeon Overview and Level Annotations

Branches:
Dungeon (4/15)
 Temple: D:4-7

Altars:
Cheibriados


Innate Abilities, Weirdness & Mutations

You have very sharp fingernails.
Your demonic aura often causes spilled blood to erupt in flames


Message History

The orc priest shouts!
The orc priest looks braver for a moment.
You hit the orc.
The orc is poisoned.
The orc is moderately wounded.
The orc hits you with a +0 falchion.
You hit the orc.
You kill the orc!
Lugonu accepts your kill.
You hit the orc priest.
The orc priest is poisoned.
The orc priest is heavily wounded.
The orc priest is engulfed in blazing flames.
You kill the orc priest!
Lugonu accepts your kill.
You now have 189 gold pieces (gained 20).
Things that are here:
a +0 club; an orc corpse An orc warrior comes into view.
It is wielding a +0 short sword.
The orc warrior shouts!
You hear a shout!
Things that are here:
a +0 falchion; a +0 leather armour; an orc corpse An orc wizard comes into view.
It is wielding a +0 dagger.
An orc priest comes into view. It is wielding a +0 club.
The orc wizard gestures at you while chanting.
You are confused.
You barely miss the orc warrior.
The orc warrior hits you with a +0 short sword!
The orc wizard casts a spell at you. You resist with some effort.
The orc warrior is engulfed in blazing flames.
The orc warrior is engulfed in blazing flames.
You bump into the rock wall.
The orc warrior hits you with a +0 short sword!
You bump into the rock wall.
The orc warrior hits you with a +0 short sword!
The orc warrior hits you with a +0 short sword!
* * * LOW HITPOINT WARNING * * *
You bump into the rock wall.
You feel less confused.
The orc warrior hits you with a +0 short sword!
You die...

#.##### #.# #.# #.###
#...# ##############.#
#..........# #.#
#....?.....###.#
#..........☼○@.#
#.........o.o###
#.........o°.#
##............###########
........)....[..........#
.......)....###########.#
####........# #.#
#^.####### #.##### #..
#.....#


You could see an orc warrior, an orc priest and an orc wizard.

Vanquished Creatures
  An ice beast (D:3)
  A phantom (D:3)
  An orc priest (D:4)
  A hound skeleton (D:4)
  8 adders
  7 gnolls
  A worm (D:4)
  2 dart slugs (D:2)
  2 orcs (D:4)
  6 endoplasms
  2 giant cockroaches
  7 goblins
  5 hobgoblins
  3 quokkas (D:1)
  6 ball pythons
  3 bats
  3 frilled lizards
  4 rats
63 creatures vanquished.

Vanquished Creatures (others)
  A plant (D:1)
1 creature vanquished.

Grand Total: 64 creatures vanquished

Notes
Turn   | Place    | Note
-------+----------+-------------------------------------------
     0 | Abyss:1  | polve the Demonspawn Abyssal Knight began the quest for the
                  | Orb.
     0 | Abyss:1  | Reached XP level 1. HP: 18/18 MP: 2/2
   151 | Abyss:1  | Noticed a rust devil
   154 | Abyss:1  | Noticed a tentacled starspawn
   160 | D:1      | Escaped the Abyss
   330 | D:1      | Reached skill level 2 in Short Blades
   530 | D:1      | Gained mutation: You have sharp fingernails. [demonic
                  | ancestry]
   530 | D:1      | Reached XP level 2. HP: 19/24 MP: 3/3
   534 | D:1      | Reached * piety under Lugonu
   601 | D:1      | Found a faded altar of an unknown god.
  1652 | D:2      | Reached skill level 3 in Short Blades
  1652 | D:2      | Gained mutation: Your demonic aura sometimes causes spilled
                  | blood to erupt in flames [demonic ancestry]
  1652 | D:2      | Reached XP level 3. HP: 5/29 MP: 4/4
  2388 | D:2      | Reached skill level 4 in Short Blades
  2388 | D:2      | Gained mutation: You have very sharp fingernails. [demonic
                  | ancestry]
  2388 | D:2      | Reached XP level 4. HP: 31/35 MP: 5/5
  3038 | D:3      | Gained mutation: Your demonic aura often causes spilled
                  | blood to erupt in flames [demonic ancestry]
  3038 | D:3      | Reached XP level 5. HP: 38/41 MP: 6/6
  3207 | D:3      | Reached skill level 5 in Short Blades
  3301 | D:3      | Found a snail-covered altar of Cheibriados.
  4146 | D:4      | Noticed a phantom
  4566 | D:3      | Killed a phantom
  4567 | D:3      | Reached XP level 6. HP: 12/47 MP: 7/7
  4815 | D:4      | Noticed an ice beast
  4886 | D:3      | Killed an ice beast
  4887 | D:3      | Reached skill level 6 in Short Blades
  5135 | D:4      | Noticed an orc warrior
  5149 | D:4      | Mangled by an orc warrior

Illustrated notes

Levels and vault maps discovered:
D:1:      eino_arrival_cavern_d, layout_basic, serial_forest,
          infiniplex_forest_lined_2, infiniplex_forest_clump_cross,
          infiniplex_forest_end_2, infiniplex_forest_clump_small,
          infiniplex_forest_straight_4, chequers_ecumenical_altar_simple_redux,
          chequers_serial_rivers_room_b, minmay_misc_feat_four_crosses,
          chequers_serial_rivers_micro_a
D:2:      layout_rooms
D:3:      layout_basic, lemuel_doored_altar
D:4:      layout_basic, minivault_25, bh_walls_and_bars

Skill      XL: |  1  2  3  4  5  6 |
---------------+-------------------+-----
Short Blades   | 2 3 4 5 6 |  6.5
Fighting       | |  3.0
Armour         | |  1.7
Dodging        | |  0.8
Invocations    | |  2.4

Action                   |  1- 3 |  4- 6 || total
-------------------------+-------+-------++-------
Melee: Short sword       |    55 |       ||    55
       Dagger            |    46 |   173 ||   219
Invok: Depart the Abyss  |     1 |       ||     1
  Use: Potion            |     2 |     2 ||     4
Armor: Leather armour    |    13 |       ||    13
       Ring mail         |    24 |    38 ||    62
Dodge: Dodged            |    71 |    59 ||   130

Table legend: (Time is in decaauts)
 A = Elapsed time spent in this place.
 B = Non-inter-level travel time spent in this place.
 C = Inter-level travel time spent in this place.
 D = Time resting spent in this place.
 E = Time spent auto-exploring this place.
 F = Levels seen in this place.
 G = Mean time per level.
                   A        B        C        D        E       F      G
               +--------+--------+--------+--------+--------+-----+--------+
         Total |   5103 |   4828 |    275 |      0 |   4006 |   5 | 1020.6 |
       Dungeon |   4943 |   4668 |    275 |      0 |   3855 |   4 | 1235.8 |
         Abyss |    160 |    160 |      0 |      0 |    151 |   1 |  160.0 |
               +--------+--------+--------+--------+--------+-----+--------+

Top non-repeatable levels by time:
     D:1: 1978 daAuts
     D:3: 1529 daAuts
     D:2: 954 daAuts
     D:4: 481 daAuts
 Abyss:1: 160 daAuts
